 Dungeon Crawl Stone Soup version 0.29.0-4-gdea44cf6ec (webtiles) character file.

Game seed: 13302974182159789467

98 qw the Chopper (level 4, -4/26 HPs)
             Began as a Tengu Warper on Aug 28, 2022.
             Slain by Terence
             ... wielding a +0 trident
              (6 damage)
             ... on level 2 of the Dungeon.
             The game lasted 00:00:11 (2042 turns).

qw the Chopper (Tengu Warper)                       Turns: 2042, Time: 00:00:11

Health: -4/26      AC: 10    Str: 13    XL:     4   Next: 71%
Magic:  8/8        EV:  3    Int: 13    God:
Gold:   117        SH:  0    Dex: 14    Spells: 7/7 levels left

rFire   . . .      SeeInvis .   Y - +1 hand axe
rCold   . . .      Faith    .   (no shield)
rNeg    . . .      Spirit   .   g - +0 plate armour
rPois   .          Reflect  .   (helmet restricted)
rElec   .          Harm     .   (no cloak)
rCorr   .          Rampage  .   (no gloves)
Will    .....                   (boots unavailable)
Stlth   ..........              (no amulet)
HPRegen 0.08/turn               (no ring)
MPRegen 0.11/turn               (no ring)

@: about to teleport
A: beak, talons 3
a: no special abilities


You were on level 2 of the Dungeon.
You visited 1 branch of the dungeon, and saw 2 of its levels.

You collected 117 gold pieces.


Innate Abilities, Weirdness & Mutations

You have a beak for a mouth.
You have claws for feet.


   Skills:
 - Level 2.0 Fighting
 + Level 4.9 Axes
 - Level 1.0 Throwing
 - Level 2.0 Armour
 - Level 2.1 Dodging
 - Level 2.0 Spellcasting
 - Level 2.4 Translocations


You had 7 spell levels left.
You didn't know any spells.
Your spell library contained the following spells:

 Spells                   Type           Power      Damage    Failure   Level
 Blink                    Tloc           14%        N/A       100%        2
 Gell's Gravitas          Tloc           7%         N/A       100%        3
 Lesser Beckoning         Tloc           7%         N/A       100%        3
 Teleport Other           Tloc           7%         N/A       100%        3
 Manifold Assault         Tloc           7%         N/A       100%        5

Inventory:

Hand Weapons
 a - a +4 whip
 Y - a +1 hand axe (weapon)
Missiles
 h - 2 boomerangs (quivered)
Armour
 g - a +0 plate armour (worn)
Scrolls
 b - 2 scrolls of identify {unknown}
 d - a scroll of immolation {unknown}
 e - a scroll of poison {unknown}
 m - a scroll of vulnerability {unknown}
Potions
 f - a potion of degeneration {unknown}
 i - a potion of heal wounds {unknown}
 j - a potion of mutation {unknown}
 k - a potion of flight {unknown}
 l - 2 potions of curing {unknown}

Dungeon Overview and Level Annotations

Branches:
Dungeon (2/15)

Altars:

Shops:
D:2 (

Annotations:
D:2 Terence


Message History

You slash the adder!
The adder is almost dead.
The adder bites you but does no damage. The adder bites you.
You hit the adder.
You kill the adder!
You barely miss the kobold. The kobold hits you but does no damage.
You hit the kobold.
You kill the kobold!
You start resting.
HP restored.
There is an open door, spattered with blood here.
Things that are here:
a +0 club; 4 stones; an adder corpse
m - a scroll labelled XID ZUYWALU
b - 2 scrolls labelled WAIDUC OSOTOG (gained 1)
There is an open door, spattered with blood here.
Things that are here:
a +0 club; 4 stones; an adder corpse Terence the Incautious comes into view.
He is wielding a +0 trident and carrying a wand of polymorph (9).
Terence shouts!
Terence hits you from afar with a +0 trident!
Terence hits you with a +0 trident.
You closely miss Terence. You peck Terence.
Terence is lightly wounded.
Terence hits you but does no damage.
You closely miss Terence. You claw Terence. Your peck misses Terence.
Terence is heavily wounded.
Terence hits you with a +0 trident.
You hit Terence. Your kick misses Terence. Your peck misses Terence.
Terence is severely wounded.
Terence hits you with a +0 trident.
2041 ||| READING scroll of teleportation.
As you read the scroll of teleportation, it crumbles to dust.
You feel strangely unstable. Terence hits you with a +0 trident.
You barely miss Terence. You claw Terence, but do no damage.
Terence is severely wounded.
Terence hits you with a +0 trident.
You die...

######.##.##.###.##.
#..##.. # #.##.#..#
#.#.. +..##.< #.# #.##
#.#.# ##..... #.# #...#
#.###. ######.# # #...+
#..### ........
#.####.#.# #.#.##
.%..##.# ##......#.##
##.#..# >##.#
...........# +....#.
..#.# ######@##.#
#.###.. ....#
......@.##.#######.##.#.
....#
##########..#...#..#.##.
...## ##.##.##.#.###.
..## #...#)#).#..... .##
#.#.....##.###. .#
###.......##.# #. .# #.
##.........###.# #. .#
#.# #..##.##..####.###.


You could see Terence.

Vanquished Creatures
  4 adders (D:2)
  2 dart slugs (D:1)
  5 bats (D:1)
  6 endoplasms
  A giant cockroach (D:1)
  9 goblins
  2 hobgoblins
  3 jackals (D:1)
  7 kobolds
  2 quokkas
  7 ball pythons
  A frilled lizard (D:1)
  7 rats
56 creatures vanquished.

Notes
Turn   | Place    | Note
-------+----------+-------------------------------------------
     0 | D:1      | qw the Tengu Warper began the quest for the Orb.
     0 | D:1      | Reached XP level 1. HP: 12/12 MP: 4/4
     0 | D:1      | 0 ||| qw: Version: 0.1-a-89-g26bdef1
     0 | D:1      | 0 ||| qw: Game counter: 2196
     0 | D:1      | 0 ||| qw: Always use a shield: true
     0 | D:1      | 0 ||| qw: God list: Okawaru
     0 | D:1      | 0 ||| qw: Allow faded altars: false
     0 | D:1      | 0 ||| qw: Do Orc after D:15 true
     0 | D:1      | 0 ||| qw: Do second Lair branch before Depths: true
     0 | D:1      | 0 ||| qw: Lair rune preference: random
     0 | D:1      | 0 ||| qw: Plans: Normal
     0 | D:1      | 0 ||| PLANNING D:1-11
    55 | D:1      | 55 ||| Stepping ~*~*~tactically~*~*~ (stealth).
    71 | D:1      | Reached XP level 2. HP: 9/17 MP: 6/6
    72 | D:1      | Reached skill level 3 in Axes
   452 | D:1      | 452 ||| DROPPING +0 club.
   551 | D:1      | 551 ||| Stepping ~*~*~tactically~*~*~ (stealth).
   553 | D:1      | 553 ||| Stepping ~*~*~tactically~*~*~ (stealth).
   554 | D:1      | 554 ||| Stepping ~*~*~tactically~*~*~ (stealth).
   555 | D:1      | 555 ||| Stepping ~*~*~tactically~*~*~ (stealth).
   558 | D:1      | Reached XP level 3. HP: 19/21 MP: 7/7
   882 | D:1      | 882 ||| Stepping ~*~*~tactically~*~*~ (hiding).
   891 | D:1      | Reached skill level 4 in Axes
  1217 | D:1      | 1217 ||| Stepping ~*~*~tactically~*~*~ (stealth).
  1500 | D:1      | 1500 ||| UPGRADING to +0 plate armour.
  1510 | D:1      | 1510 ||| DROPPING +0 leather armour.
  1511 | D:1      | 1511 ||| READING scroll labelled FEASOC LAVOIHI.
  1516 | D:1      | 1516 ||| READING scroll labelled DEPRAUM QUTRE.
  1517 | D:1      | 1517 ||| READING 3 scrolls labelled RAUCUW HIEFAI.
  1518 | D:1      | 1518 ||| DROPPING scroll of blinking.
  1519 | D:1      | 1519 ||| DROPPING 2 scrolls of noise.
  1595 | D:2      | 1595 ||| DROPPING +0 whip.
  1600 | D:2      | Found a faded altar of an unknown god.
  1612 | D:2      | Found Wirim's Antique Weapon Shoppe.
  1626 | D:2      | 1626 ||| SHOPLISTING glowing war axe (156 gold, have 76).
  1681 | D:2      | Reached XP level 4. HP: 26/26 MP: 8/8
  1908 | D:2      | 1908 ||| Stepping ~*~*~tactically~*~*~ (stealth).
  2035 | D:2      | Noticed Terence
  2040 | D:2      | HP: 6/26 [Terence/+0 trident (5)]
  2041 | D:2      | 2041 ||| READING scroll of teleportation.
  2041 | D:2      | HP: 2/26 [Terence/+0 trident (4)]
  2042 | D:2      | Slain by Terence

Levels and vault maps discovered:
D:1:      saegor_arrival_simple_e, layout_basic, minmay_vboxes
D:2:      layout_loops_ring, serial_shops, shop, ebering_ecumenical_altar_box,
          minmay_divided_ellipse, uniq_terence

Skill      XL: |  1  2  3 |
---------------+----------+-----
Axes           | 3 4 |  4.9
Armour         | 2 |  2.0
Fighting       | |  2.0
Throwing       | |  1.0
Dodging        | |  2.1
Spellcasting   | |  2.0
Translocations | |  2.4

Action                   |  1- 3 |  4- 6 || total
-------------------------+-------+-------++-------
Melee: Hand axe          |    69 |    33 ||   102
       Kick              |    14 |     5 ||    19
       Peck              |     8 |     6 ||    14
Throw: Boomerang         |    43 |    12 ||    55
  Use: Scroll            |     3 |     1 ||     4
Armor: Leather armour    |    23 |       ||    23
       Plate armour      |    10 |    22 ||    32
Dodge: Dodged            |    34 |     4 ||    38

Table legend:
 A = Non-vault XP
 B = Vault XP
 C = Vault XP percentage of total XP
 D = Non-vault monster count
 E = Vault monster count
 F = Vault count percentage of total count
                 A         B        C        D         E       F
            +---------+---------+-------+---------+---------+-------
      Total |     111 |      30 |  21.3 |      46 |      10 |  17.9
            +---------+---------+-------+---------+---------+-------
        D:1 |      47 |      14 |  23.0 |      28 |       8 |  22.2
        D:2 |      64 |      16 |  20.0 |      18 |       2 |  10.0
            +---------+---------+-------+---------+---------+-------
